 Dungeon Crawl Stone Soup version 0.28.0-45-g0d030f2227 (webtiles) character file.

Game seed: 10492977903503510691

700 H0rd4k the Thaumaturge (level 7, -1/36 HPs)
             Began as a Deep Elf Hedge Wizard on Apr 19, 2022.
             Shot with an arrow by a centaur (6 damage)
             ... on level 5 of the Dungeon.
             The game lasted 00:07:11 (6048 turns).

H0rd4k the Thaumaturge (Deep Elf Hedge Wizard)      Turns: 6048, Time: 00:07:11

Health: -1/36      AC:  7    Str:  7    XL:     7   Next: 38%
Magic:  1/20       EV: 12    Int: 21    God:
Gold:   236        SH:  0    Dex: 14    Spells: 13/22 levels left

rFire   . . .      SeeInvis .   n - +5 short sword
rCold   . . .      Faith    .   (no shield)
rNeg    . . .      Spirit   .   b - +1 robe
rPois   .          Reflect  .   c - +0 hat
rElec   .          Harm     .   (no cloak)
rCorr   .          Rampage  .   (no gloves)
Will    .....                   (no boots)
Stlth   ++........              (no amulet)
HPRegen 0.12/turn               k - +4 ring of protection
MPRegen 0.17/turn               (no ring)

@: no status effects
A: no striking features
a: no special abilities


You were on level 5 of the Dungeon.
You visited 1 branch of the dungeon, and saw 5 of its levels.

You collected 236 gold pieces.

Inventory:

Hand Weapons
 n - a +5 short sword (weapon)
Missiles
 f - a throwing net
Armour
 b - a +1 robe (worn)
 c - a +0 hat (worn)
Jewellery
 k - a +4 ring of protection (left hand)
Scrolls
 d - a scroll of silence {unknown}
 g - 2 scrolls of enchant armour
 i - a scroll of torment {unknown}
 o - 2 scrolls of amnesia {unknown}
 q - a scroll of enchant weapon {unknown}
 r - 2 scrolls of teleportation {unknown}
 s - a scroll of immolation {unknown}
 u - a scroll of identify
Potions
 a - 2 potions of cancellation {unknown}
 h - a potion of invisibility {unknown}
 j - 3 potions of resistance
 l - a potion of flight {unknown}
 m - a potion of degeneration {unknown}
 p - a potion of haste {unknown}
 t - a potion of attraction {unknown}


   Skills:
 + Level 0.3 Short Blades
 + Level 2.7 Dodging
 - Level 2.4 Stealth
 + Level 8.1 Spellcasting
 + Level 4.3 Conjurations
 + Level 1.1 Summonings
 + Level 1.4 Translocations
 * Level 3.2 Fire Magic
 * Level 2.4 Air Magic
 + Level 1.2 Poison Magic


You had 13 spell levels left.
You knew the following spells:

 Your Spells              Type           Power      Damage    Failure   Level
a - Magic Dart            Conj           100%       1d8       1%          1
b - Blink                 Tloc           28%        N/A       7%          2
c - Conjure Flame         Conj/Fire      24%        6-21      4%          3
d - Mephitic Cloud        Conj/Pois/Air  19%        N/A       8%          3

Your spell library contained the following spells:

 Spells                   Type           Power      Damage    Failure   Level
 Slow                     Hex            32%        N/A       8%          1
 Call Imp                 Summ           13%        N/A       8%          2
 Swiftness                Air            18%        N/A       9%          3
 Ensorcelled Hibernation  Hex/Ice        16%        N/A       12%         2
 Passwall                 Tmut/Erth      6%         N/A       12%         2


Dungeon Overview and Level Annotations

Branches:
Dungeon (5/15)
 Temple: D:4-7

Altars:
Wu Jian

Shops:
D:1 !:


Message History

Aim: a centaur, quivering arrows (purple smoke, moderately wounded, confused, 100% to hit)
The magic dart hits the centaur.
The centaur is heavily wounded.
The centaur barely misses you. x2
The gnoll hits you from afar with a +0 spear.
The centaur grins madly.
The gnoll closely misses you. The gnoll barely misses you.
There is an escape hatch in the floor here.
The centaur gestures wildly.
Something hits the gnoll.
Something kicks the gnoll.
The gnoll barely misses you.
The gnoll barely misses itself.
Casting: Magic Dart (safe; 1% risk of failure)
Confirm with . or Enter, or press ? or * to list all spells.
You blink.
The gnoll barely misses you. The centaur barely misses you.
The centaur kicks you but does no damage.
The gnoll hits you with a +0 spear.
The gnoll hits you from afar with a +0 spear.
The centaur hits you but does no damage.
The centaur closely misses you.
You feel stable enough to blink again.
You see here 6 gold pieces.
Casting: Blink (safe; 7% risk of failure)
Confirm with . or Enter, or press ? or * to list all spells.
Aiming: Mephitic Cloud (dangerous; 8% risk of failure)
Press: ? - help, Shift-Dir - straight line, f - gnoll
Aim: a gnoll, wielding a +0 spear (heavily wounded, chance to affect: 91%)
The ball explodes into a vile cloud!
The stinking cloud engulfs the gnoll but does no damage.
The gnoll is heavily wounded.
The gnoll is engulfed in noxious fumes.
The gnoll appears confused.
The gnoll is engulfed in noxious fumes.
The centaur wields a +0 shortbow.
The centaur shoots an arrow.
The arrow hits you!
* * * LOW HITPOINT WARNING * * *
Something barely misses the centaur.
The centaur shoots an arrow.
The arrow hits you.
You die...

#. ###. ######
##..$
#....####..#.
#.........###
#....#######.
######.c..#
##..
#...○○....#
#...
#@####....#
#...
.............#
#....# #...
#..........####
#....# ##..
#.#........#
.....# ####..
..........#
.#..### #..g..
#........#
#.#.## ##.....
######........#
# #.# ##..$...
..............#
#.......
..........<...#
#.......


You could see a centaur.

Vanquished Creatures
  Eustachio (D:4)
  A sky beast (D:4)
  An ogre (D:5)
  Blork the orc (D:4)
  A scorpion (D:4)
  A howler monkey (D:4)
  A bullfrog zombie (D:5)
  2 hounds (D:4)
  5 adders
  A gnoll (D:1)
  An adder skeleton (D:4)
  A dart slug (D:1)
  An orc (D:4)
  7 ball pythons
  4 endoplasms
  4 giant cockroaches
  2 goblins (D:1)
  8 hobgoblins
  6 jackals
  4 quokkas
  3 bats
  4 frilled lizards
  7 kobolds
  6 rats
73 creatures vanquished.

Vanquished Creatures (others)
  A fungus (D:1)
1 creature vanquished.

Grand Total: 74 creatures vanquished

Notes
Turn   | Place    | Note
-------+----------+-------------------------------------------
     0 | D:1      | H0rd4k the Deep Elf Hedge Wizard began the quest for the
                  | Orb.
     0 | D:1      | Reached XP level 1. HP: 10/10 MP: 7/7
   231 | D:1      | Found Yffuth's Book Emporium.
   272 | D:2      | Reached skill level 5 in Spellcasting
   284 | D:2      | Reached XP level 2. HP: 8/15 MP: 0/10
  1028 | D:1      | Found Siogh's Distillery.
  1094 | D:1      | Reached XP level 3. HP: 19/19 MP: 6/12
  1097 | D:1      | Learned a level 2 spell: Blink
  1101 | D:1      | Learned a level 3 spell: Conjure Flame
  1105 | D:1      | Learned a level 3 spell: Mephitic Cloud
  1604 | D:1      | Found a faded altar of an unknown god.
  2199 | D:2      | Reached skill level 6 in Spellcasting
  2517 | D:3      | Found an ornate altar of the Wu Jian Council.
  2587 | D:3      | Reached skill level 1 in Poison Magic
  2621 | D:3      | Reached XP level 4. HP: 24/24 MP: 5/14
  3577 | D:4      | Noticed a sky beast
  3886 | D:4      | Killed a sky beast
  3887 | D:4      | Reached skill level 1 in Fire Magic
  3887 | D:4      | Reached skill level 1 in Air Magic
  3887 | D:4      | Reached XP level 5. HP: 28/28 MP: 6/16
  4107 | D:4      | Reached skill level 7 in Spellcasting
  4117 | D:4      | Noticed Blork the orc
  4136 | D:4      | Reached XP level 6. HP: 31/32 MP: 10/18
  4702 | D:4      | Noticed Eustachio
  4726 | D:4      | Killed Eustachio
  5204 | D:4      | Killed Blork the orc
  5205 | D:4      | Reached XP level 7. HP: 36/36 MP: 2/20
  5807 | D:5      | Entered Level 5 of the Dungeon
  5916 | D:5      | Reached skill level 8 in Spellcasting
  6048 | D:5      | Shot with an arrow by a centaur

Illustrated notes

Levels and vault maps discovered:
D:1:      minmay_arrival_hallway, layout_basic, shapermc_ecumenical_altar_petra,
          serial_shops, nicolae_lakefront_shop, shop_statue
D:2:      layout_rooms, minmay_misc_feat_x, kennysheep_cluttered_room,
          kennysheep_generic_room_7
D:3:      layout_basic, mainiacjoe_overflow_small_starburst
D:4:      layout_layer_cave, st_stairs_2, uniq_blork_the_orc, uniq_eustachio
D:5:      layout_rooms, nzn_hepliaklqana_mist_gate, enter_ossuary_2,
          uniq_sigmund

Skill      XL: |  1  2  3  4  5  6  7 |
---------------+----------------------+-----
Spellcasting   | 5 6 7 8 |  8.1
Poison Magic   | 1 |  1.2
Conjurations   | 3 4 |  4.3
Fire Magic     | 1 3 |  3.2
Air Magic      | 1 2 |  2.4
Short Blades   | |  0.3
Dodging        | |  2.7
Stealth        | |  2.4
Summonings     | |  1.1
Translocations | |  1.4

Action                   |  1- 3 |  4- 6 |  7- 9 || total
-------------------------+-------+-------+-------++-------
Melee: Dagger            |    15 |       |       ||    15
 Cast: Magic Dart        |   114 |    95 |    27 ||   236
       Mephitic Cloud    |       |     6 |     7 ||    13
       Conjure Flame     |       |     8 |     3 ||    11
       Blink             |       |     2 |     1 ||     3
  Use: Scroll            |       |     2 |     1 ||     3
Armor: Robe              |     8 |     3 |     4 ||    15
Dodge: Dodged            |    30 |     9 |    11 ||    50
